 Dungeon Crawl Stone Soup version 0.28.0-53-g5a82cb258f (console) character file.

Game seed: 9051032505955043944

175 erker the Sneak (level 5, -2/31 HPs)
             Began as an Octopode Earth Elementalist on July 6, 2022.
             Was a Follower of Cheibriados.
             Slain by a gnoll
             ... wielding a +0 halberd
              (4 damage)
             ... on level 4 of the Dungeon.
             The game lasted 00:06:59 (4058 turns).

erker the Sneak (Octopode Earth Elementalist)       Turns: 4058, Time: 00:07:00

Health: -2/31      AC:  1    Str:  9    XL:     5   Next: 55%
Magic:  6/8        EV: 13    Int: 21    God:    Cheibriados [*.....]
Gold:   78         SH:  0    Dex: 15    Spells: 1/8 levels left

rFire   . . .      SeeInvis .   a - +2 dagger (venom)
rCold   . . .      Faith    .   (no shield)
rNeg    . . .      Spirit   .   (helmet restricted)
rPois   .          Reflect  .   (no amulet)
rElec   .          Harm     .   (no ring)
rCorr   .          Rampage  .   (no ring)
Will    .....                   (no ring)
Stlth   ++++......              (no ring)
HPRegen 0.10/turn               (no ring)
MPRegen 0.11/turn               (no ring)
                                (no ring)
                                (no ring)

@: very slow
A: almost no armour, amphibious, 8 rings, camouflage 1, gelatinous body 1,
(nimble swimmer 1), tentacles
a: Renounce Religion, Bend Time


You were on level 4 of the Dungeon.
You worshipped Cheibriados.
Cheibriados was aware of your devotion.
You visited 1 branch of the dungeon, and saw 4 of its levels.

You collected 173 gold pieces.
You spent 95 gold pieces at shops.

Inventory:

Hand Weapons
 a - a +2 dagger of venom (weapon)
 k - a +0 short sword
Missiles
 b - 125 stones
 p - 2 boomerangs of dispersal
Wands
 m - a wand of iceblast (14)
Scrolls
 c - a scroll of amnesia {unknown}
 d - a scroll of noise {unknown}
 e - 2 scrolls of fog {unknown}
 i - a scroll of blinking {unknown}
 l - 2 scrolls of magic mapping {unknown}
 n - a scroll of vulnerability {unknown}
Potions
 f - a potion of resistance
 g - a potion of heal wounds
 h - a potion of brilliance {unknown}
 o - a potion of ambrosia {unknown}


   Skills:
 - Level 4.0 Short Blades
 - Level 2.0 Dodging
 - Level 4.0 Stealth
 - Level 2.0 Spellcasting
 - Level 1.0 Transmutations
 + Level 3.8 Earth Magic


You had one spell level left.
You knew the following spells:

 Your Spells              Type           Power      Damage    Failure   Level
a - Sandblast             Erth           36%        2d10      3%          1
p - Petrify               Tmut/Erth      12%        N/A       50%         4
w - Passwall              Tmut/Erth      10%        N/A       9%          2

Your spell library contained the following spells:

 Spells                   Type           Power      Damage    Failure   Level
 Stone Arrow              Conj/Erth      20%        3d8       21%         3


Dungeon Overview and Level Annotations

Branches:
Dungeon (4/15)
 Temple: D:4-7

Altars:
Cheibriados
Uskayaw

Shops:
D:4 *

Annotations:
D:3 exclusion: phantom


Innate Abilities, Weirdness & Mutations

You cannot wear most types of armour.
You are amphibious.
You can wear up to eight rings at the same time.
Your skin changes colour to match your surroundings (Stealth+).
Your rubbery body absorbs attacks. (AC +1, EV +1)
((You are camouflaged when in or above water. (Stealth+)))
You have tentacles for arms and can constrict up to eight enemies at once.


Message History

No target in view! 2 gnolls come into view.
A gnoll comes into view. It is wielding a +0 flail.
The gnoll shouts!
You hear a shout!
The gnoll shouts!
A gnoll comes into view. It is wielding a +0 halberd.
The gnoll barely misses you.
A jelly comes into view.
The gnoll shouts!
You hit the gnoll.
The gnoll is poisoned.
Your grab misses the gnoll.
The gnoll is lightly wounded.
The gnoll closely misses you.
You barely miss the gnoll. Your grab misses the gnoll.
The gnoll is moderately wounded.
The gnoll closely misses you. The gnoll hits you with a +0 flail! x2
You are too injured to fight recklessly!
You are too injured to fight recklessly!
The gnoll barely misses you.
You kill the gnoll!
Cheibriados appreciates the change of pace.
You can now bend time to slow others.
Cheibriados raises the support of your attributes as your movement slows.
The gnoll hits you from afar with a +0 halberd!
* * * LOW HITPOINT WARNING * * *
Casting: Sandblast (safe; 3% risk of failure)
Confirm with . or Enter, or press ? or * to list all spells.
Aiming: Sandblast (safe; 3% risk of failure)
Press: ? - help, Shift-Dir - straight line, f - gnoll
Aim: a gnoll, wielding a +0 halberd (82% to hit)
The blast of sand hits the gnoll but does no damage.
The gnoll hits you from afar with a +0 halberd.
* * * LOW HITPOINT WARNING * * *
Casting: Sandblast (safe; 3% risk of failure)
Confirm with . or Enter, or press ? or * to list all spells.
Aiming: Sandblast (safe; 3% risk of failure)
Press: ? - help, Shift-Dir - straight line, f - gnoll
Aim: a gnoll, wielding a +0 halberd (82% to hit)
The blast of sand hits the gnoll.
The gnoll is heavily wounded.
The gnoll hits you from afar with a +0 halberd.
You die...

#..... ... #............∩ #...#
.......# #.........#.. #...#
.......####...........< #.##
##(#......#.............
##.####.....# #.............#8
#.)...g...# ###.####........
##........# ##..# ###......
##.......#####...## ##......
#.........##@.....# #.†.....
.###.....###Jg..##...###........
.........##..#..###...#.........
............###.................
............# ##.....##.........
...........####..#†.###..##..#..
###.........##..##..##....##....
#....##.......# .....#..####..
#.......###...##....##...####.


You could see a jelly and a gnoll.

Vanquished Creatures
  An orc priest (D:3)
  A gnoll (D:4)
  4 adders
  2 worms (D:2)
  5 dart slugs
  11 orcs
  5 endoplasms
  3 giant cockroaches
  8 hobgoblins
  A quokka (D:4)
  3 ball pythons
  7 bats
  A frilled lizard (D:1)
  7 goblins
  5 kobolds
  10 rats
74 creatures vanquished.

Vanquished Creatures (others)
  4 fungi (D:2)
  6 plants (D:2)
10 creatures vanquished.

Grand Total: 84 creatures vanquished

Notes
Turn   | Place    | Note
-------+----------+-------------------------------------------
     0 | D:1      | erker the Octopode Earth Elementalist began the quest for
                  | the Orb.
     0 | D:1      | Reached XP level 1. HP: 11/11 MP: 3/3
   419 | D:1      | Reached XP level 2. HP: 17/17 MP: 5/5
   737 | D:1      | Reached skill level 1 in Short Blades
   962 | D:2      | Reached XP level 3. HP: 21/21 MP: 2/6
  1935 | D:2      | Reached XP level 4. HP: 24/27 MP: 7/7
  2438 | D:2      | Found a faded altar of an unknown god.
  2640 | D:3      | Found a snail-covered altar of Cheibriados.
  2711 | D:3      | Became a worshipper of Cheibriados the Contemplative
  2795 | D:3      | Noticed a +0 hand axe
  2796 | D:3      | Noticed a +0 hand axe
  2803 | D:3      | Noticed a phantom
  2819 | D:3      | Found a hide-covered altar of Uskayaw.
  3049 | D:3      | Reached XP level 5. HP: 17/31 MP: 2/8
  3120 | D:3      | Learned a level 2 spell: Passwall
  3125 | D:3      | Learned a level 4 spell: Petrify
  3942 | D:4      | Found Xeuph's General Store.
  3961 | D:4      | Bought a scroll of enchant weapon for 75 gold pieces
  3961 | D:4      | Bought a scroll of identify for 20 gold pieces
  4048 | D:4      | Reached * piety under Cheibriados
  4058 | D:4      | Slain by a gnoll

Illustrated notes

Levels and vault maps discovered:
D:1:      grunt_arrival_crossed_arrows, layout_loops_ring
D:2:      layout_basic, shapermc_ecumenical_altar_mp_urbaneastern,
          amethyst_killhole, minmay_tall_x
D:3:      layout_loops_ring, dancing_weapons_uskayaw,
          mainiacjoe_overflow_surrounded_room, nicolae_figureground_sparkle
D:4:      minmay_angry_zag, layout_layer_cave, serial_shops, shop_statue

Skill      XL: |  1  2  3  4 |
---------------+-------------+-----
Stealth        | 3 4 |  4.0
Short Blades   | 1 2 4 |  4.0
Dodging        | |  2.0
Spellcasting   | |  2.0
Transmutations | |  1.0
Earth Magic    | |  3.8

Action                   |  1- 3 |  4- 6 || total
-------------------------+-------+-------++-------
Melee: Short sword       |    27 |       ||    27
       Unarmed           |     2 |       ||     2
       Constrict         |     6 |    17 ||    23
       Tentacles         |     6 |    17 ||    23
       Dagger            |     8 |    81 ||    89
       Punch             |     1 |     3 ||     4
 Cast: Sandblast         |    24 |     9 ||    33
  Use: Scroll            |       |     3 ||     3
 Stab: Sleeping          |     5 |     6 ||    11
Armor: Skin              |     2 |     6 ||     8
Dodge: Dodged            |    23 |    36 ||    59
